 Dungeon Crawl Stone Soup version 0.31-a0-949-g57150269e1 (webtiles) character file.

Game seed: 4627347827120461846

244822 arthad the Warrior (level 19, -6/179 HPs)
             Began as a Minotaur Fighter on Oct 21, 2023.
             Was the Champion of Makhleb.
             Mangled by Arachne
             ... wielding a staff of poison
              (28 damage)
             ... on level 4 of the Spider Nest.
             The game lasted 01:18:31 (30409 turns).

arthad the Warrior (Minotaur Fighter)              Turns: 30409, Time: 01:18:31

Health: -6/179     AC: 22    Str: 27    XL:     19   Next: 16%
Magic:  25/28      EV: 23    Int:  5    God:    Makhleb [******]
Gold:   653        SH: 15    Dex: 17    Spells: 18/18 levels left

rFire   + . .        a - +5 war axe (flame)
rCold   + . .        E - +0 kite shield of Reason {rN+++ Dex+5 Stlth+}
rNeg    + + +        i - +4 acid dragon scales of Serendipity {Regen+ rCorr}
rPois   .            (helmet restricted)
rElec   .            z - +2 cloak {rC+}
rCorr   +            O - +0 pair of gloves of the Sailor {rF+}
SInv    +            j - +2 pair of boots {Stlth+}
Will    +....        Q - amulet of magic regeneration
Stlth   +++++        T - +5 ring of evasion
HPRegen 1.29/turn    B - ring of see invisible
MPRegen 0.61/turn

%: no passive effects
@: mighty, about to teleport, hasted, very quick
A: horns 2, retaliatory headbutt, inability to read after injury 1
}: 1/15 runes: barnacled
a: Renounce Religion, Minor Destruction, Lesser Servant of Makhleb, Major
Destruction, Greater Servant of Makhleb


You were on level 4 of the Spider Nest.
You worshipped Makhleb.
Makhleb was exalted by your worship.
You visited 6 branches of the dungeon, and saw 31 of its levels.
You visited the Abyss 2 times.
You also visited: Gauntlet and Ice Cave.

You collected 2778 gold pieces.
You spent 2125 gold pieces at shops.

Inventory:

Hand Weapons
 a - a +5 war axe of flaming (weapon)
 b - the +9 hand axe of Iwniagh {venom, rElec}
   (You found it on level 5 of the Dungeon)

   rElec:     It insulates you from electricity.
 v - the +4 war axe "Keuje" {antimagic, rPois rF- Dex+5}
   (You found it on level 4 of the Shoals)

   Dex+5:     It affects your dexterity (+5).
   rF-:       It makes you vulnerable to fire.
   rPois:     It protects you from poison
Missiles
 k - 11 throwing nets
 n - 14 poisoned darts (quivered)
 u - 4 curare-tipped darts
 w - 10 silver javelins
 y - 16 javelins
Armour
 i - the +4 acid dragon scales of Serendipity (worn) {Regen+ rCorr}
   (You found it in a Gauntlet)

   Regen+:    It increases your rate of health regeneration.
   rCorr:     It protects you from acid and corrosion.
 j - a +2 pair of boots of stealth (worn)
 z - a +2 cloak of cold resistance (worn)
 E - the +0 kite shield of Reason (worn) {rN+++ Dex+5 Stlth+}
   (You found it on level 7 of the Dungeon)

   Dex+5:     It affects your dexterity (+5).
   rN+++:     It renders you almost immune to negative energy.
   Stlth+:    It makes you more stealthy.
 N - the +1 pair of gloves of the Thoughtful Youths {Contam rElec rC+ Dex+2}
   (You bought it in a shop on level 4 of the Shoals)

   Dex+2:     It affects your dexterity (+2).
   rC+:       It protects you from cold.
   rElec:     It insulates you from electricity.
   Contam:    It causes magical contamination when unequipped.
 O - the +0 pair of gloves of the Sailor (worn) {rF+}
   (You bought it in a shop on level 8 of the Dungeon)

   rF+:       It protects you from fire.
Jewellery
 o - a ring of poison resistance
 B - a ring of see invisible (right hand)
 Q - an amulet of magic regeneration (around neck)
 T - a +5 ring of evasion (left hand)
 V - the ring "Tovavvom" {rF+ rC+ Str+2}
   (You found it on level 5 of the Lair of Beasts)

   [ring of protection from fire]

   Str+2:     It affects your strength (+2).
   rF+:       It protects you from fire.
   rC+:       It protects you from cold.
 Z - a +5 ring of evasion
Talismans
 r - a talisman of death
 t - a granite talisman
Wands
 x - a wand of roots (34)
 C - a wand of digging (9)
 D - a wand of charming (29)
 F - a wand of mindburst (18)
 P - a wand of acid (1)
 U - a wand of flame (32)
Scrolls
 f - a scroll of poison
 h - 4 scrolls of teleportation
 l - 4 scrolls of enchant armour
 p - 4 scrolls of revelation
 s - 5 scrolls of immolation
 H - 4 scrolls of blinking
 I - 8 scrolls of enchant weapon
 M - 5 scrolls of fog
 Y - a scroll of amnesia
Potions
 d - a potion of might
 e - 2 potions of invisibility
 g - 4 potions of enlightenment
 m - 5 potions of mutation
 A - 8 potions of haste
 G - 10 potions of ambrosia
 J - 2 potions of berserk rage
 K - 4 potions of curing
 R - 5 potions of resistance
 X - 3 potions of cancellation
Miscellaneous
 c - a phantom mirror
 q - a phial of floods
 S - a box of beasts
 W - a condenser vane (inert)


   Skills:
 * Level 18.0 Fighting
 * Level 17.7 Axes
 - Level 6.0 Throwing
 + Level 13.3 Armour
 + Level 11.6 Dodging
 - Level 6.0 Stealth
 + Level 17.1 Shields
 * Level 14.0 Invocations
 - Level 5.0 Evocations
 * Level 9.4 Shapeshifting


You had 18 spell levels left.
You didn't know any spells.
Your spell library contained the following spells:

 Spells                   Type           Power      Damage    Failure   Level
 Apportation              Tloc           0%         N/A       63%         1
 Freeze                   Ice            0%         1d3       63%         1
 Magic Dart               Conj           0%         1d3       63%         1
 Necrotise                Necr           0%         1d4       63%         1
 Sandblast                Erth           0%         2d4       63%         1
 Slow                     Hex            0%         N/A       63%         1
 Sting                    Tmut/Pois      0%         1d3       63%         1
 Summon Small Mammal      Summ           0%         N/A       63%         1
 Blink                    Tloc           0%         N/A       77%         2
 Call Imp                 Summ           0%         N/A       77%         2
 Lesser Beckoning         Tloc           0%         N/A       77%         2
 Momentum Strike          Conj/Tloc      0%         3d8       77%         2
 Passwall                 Tmut/Erth      0%         N/A       77%         2
 Poisonous Vapours        Pois/Air       0%         N/A       77%         2
 Confusing Touch          Hex            0%         N/A       94%         3
 Frozen Ramparts          Ice            0%         1d1       94%         3
 Gell's Gravitas          Tloc           0%         N/A       94%         3
 Hailstorm                Conj/Ice       0%         3d3       94%         3
 Mephitic Cloud           Conj/Pois/Air  0%         N/A       94%         3
 Sigil of Binding         Hex            0%         N/A       94%         3
 Stone Arrow              Conj/Erth      0%         3d7       94%         3
 Teleport Other           Tloc           0%         N/A       94%         3
 Tukima's Dance           Hex            0%         N/A       94%         3
 Vampiric Draining        Necr           0%         2d6       94%         3
 Volatile Blastmotes      Fire/Tloc      0%         2d10      94%         3
 Brom's Barrelling Bould  Conj/Erth      0%         2d3       100%        4
 Dimensional Bullseye     Hex/Tloc       0%         N/A       100%        4
 Fulminant Prism          Conj/Hex       0%         3d5       100%        4
 Iskenderun's Mystic Bla  Conj/Tloc      0%         2d3       100%        4
 Olgreb's Toxic Radiance  Pois           0%         N/A       100%        4
 Summon Ice Beast         Ice/Summ       0%         N/A       100%        4
 Vhi's Electric Charge    Tloc/Air       0%         N/A       100%        4
 Arcjolt                  Conj/Air       0%         1d10      100%        5
 Iskenderun's Battlesphe  Conj           0%         2d6       100%        5
 Bombard                  Conj/Erth      0%         9d1       100%        6
 Plasma Beam              Fire/Air       0%         2x1d10    100%        6
 Simulacrum               Ice/Necr       0%         N/A       100%        6
 Spellforged Servitor     Conj/Summ      0%         N/A       100%        7


Dungeon Overview and Level Annotations

Branches:
Dungeon (15/15)            Temple (1/1) D:7            Lair (5/5) D:11
 Shoals (4/4) Lair:2       Spider (4/4) Lair:3        Slime (0/5) Lair:5
    Orc (2/2) D:10            Elf (0/3) Orc:2        Vaults (0/5) D:13
 Depths (0/4) D:15          IceCv (visited)         Gauntlet (visited)

Altars:
Ashenzari
Cheibriados
Dithmenos
Elyvilon
Fedhas
Gozag
Hepliaklqana
Kikubaaqudgha
Makhleb
Nemelex Xobeh
Okawaru
Qazlal
Ru
Sif Muna
Trog
Uskayaw
Vehumet
Wu Jian
Xom
Yredelemnul
Zin
The Shining One
Jiyva

Shops:
D:7 ?   D:8 [   D:9 *   D:15 (   Orc:1 *   Orc:2 [=([*[   Shoals:3 *?=
Shoals:4 ([((

Annotations:
Spider:4 Arachne


Innate Abilities, Weirdness & Mutations

You have a pair of horns on your head.
You reflexively headbutt those who attack you in melee.
You occasionally lose the ability to read scrolls when taking damage.


Message History

* * * LOW HITPOINT WARNING * * *
You are poisoned.
Arachne hits you but does no damage. Arachne envenoms you!
* * * LOW HITPOINT WARNING * * *
You are more poisoned.
You feel better.
Arachne points her staff at you, shooting a stream of webbing.
The stream of webbing hits you but does no damage.
You are even more entangled.
The web tears apart.
Arachne points her staff at you, shooting a stream of webbing.
The stream of webbing misses you.
Arachne hits you with a staff of poison.
* * * LOW HITPOINT WARNING * * *
Arachne envenoms you!!
* * * LOW HITPOINT WARNING * * *
You are poisoned.
As you read the scroll of fear, it crumbles to dust.
You assume a fearsome visage.
Arachne resists with some effort.
The wolf spider looks frightened!
You feel sick.
Arachne says, "Come closer, little fly."
Arachne hits you with a staff of poison.
* * * LOW HITPOINT WARNING * * *
Arachne envenoms you!
* * * LOW HITPOINT WARNING * * *
You are more poisoned.
Okay, then.
Blink to where?
Press: ? - help, Dir - move target
As you read the scroll of blinking, it crumbles to dust.
You feel sick.
You feel yourself speed up.
You feel sick.
As you read the scroll of teleportation, it crumbles to dust.
You feel strangely unstable.
You feel sick.
You are no longer poisoned.
Arachne mumbles some strange words.
Arachne blinks!
You feel better. Arachne hits you but does no damage. Arachne envenoms you!!
You die...
Arachne says, "All wrapped up."

..#,,~~,~*,,* ..#~,~~,**^,*
..#~,~~,*,,** ..##,~,,*,,*
..≈#,~,**.#* ..≈#,,,*^.# ***
..≈##,,*..# **.. ~†≈≈####.~#
##################..#
#.†≈≈.^..~#
#..H@^.^§..†^(....^#,
.†.((....##
#^############†.###^.
.~.......####^#
*,**,**#Z°^.s...#
~#..^.†####...#
**,,,.s.RR.###### .##.~^##
#.###***^*#..#..## #######
###.# *,**,*##*...** .###*#*
#..^# *,,,,** ###.,*
..~##~*##.###**,*,*^****#.**
.....#*#..#*^,*,**^**,,*#.**


You could see Arachne.

Vanquished Creatures
  An ancient lich (Abyss:3)
  Mara (Spider:4)
  Bai Suzhen (Shoals:3)
  A bone dragon (Abyss:2)
  A kraken (Shoals:3)
  Polyphemus (Shoals:3)
  Roxanne (Shoals:1)
  Ilsuiw (Shoals:3)
  Kirke (Spider:3)
  7 emperor scorpions
  A frost giant (Shoals:4)
  8 ghost moths
  An orc warlord (Orc:2)
  A reaper (IceCv)
  2 broodmothers
  The ghost of SirDiesAlot the Scorcher, a journeyman OpFE of Gozag (Lair:5)
  A minotaur (Gauntlet)
  A spark wasp (Spider:1)
  A blizzard demon (Abyss:3)
  5 merfolk javelineers
  7 merfolk impalers
  A yaktaur captain (D:15)
  5 entropy weavers
  6 hydras
  4 merfolk avatars
  An ironbound frostheart (D:13)
  2 vault guards (D:13)
  A ghost crab (Gauntlet)
  2 catoblepae
  5 radroaches
  7 centaur warriors
  12 boulder beetles
  2 alligator snapping turtles
  6 two-headed ogres
  3 satyrs
  5 tengu warriors
  4 death yaks (Shoals:3)
  5 merfolk aquamancers (Shoals:4)
  2 orc high priests (Orc:2)
  Urug (Lair:2)
  A thrashing horror (Abyss:2)
  8 demonic crawlers
  A wretched star (Abyss:2)
  Nergalle (D:10)
  13 skysharks
  7 pharaoh ants
  7 skeletal warriors
  3 sun moths
  13 sea snakes
  A glowing orange brain (Abyss:2)
  6 orb spiders
  23 harpies
  9 fauns
  7 steelbarb worms
  16 ugly things
  4 deep elf pyromancers
  2 orc knights
  26 wolf spiders
  5 orc sorcerers
  8 cyclopes
  22 manticores
  5 moths of wrath
  A cyclops (shapeshifter) (D:15)
  An ice statue (IceCv)
  3 large abominations
  13 merfolk sirens
  21 elephants
  A torpor snail (Spider:1)
  2 black mambas (Lair:5)
  A centaur zombie (Abyss:2)
  An orange demon (Abyss:2)
  10 water nymphs
  2 unseen horrors
  A gargoyle (D:13)
  8 cane toads
  14 komodo dragons
  5 ice devils
  2 freezing wraiths
  2 rime drakes
  2 efreet
  An anaconda simulacrum (IceCv)
  7 trolls
  An ancient zyme (Abyss:2)
  A tengu conjurer (D:15)
  4 polar bears
  45 merfolk
  6 meliai
  A meliai (shapeshifter) (D:15)
  A queen bee (Orc:1)
  5 wind drakes
  A hornet (Lair:5)
  3 raiju (Abyss:2)
  24 tarantellas
  13 blink frogs
  12 snapping turtles
  13 dream sheep
  10 slime creatures
  23 culicivoras
  A ynoxinul (Abyss:2)
  38 jumping spiders
  4 centaur simulacra (Gauntlet)
  A shadow (D:10)
  12 wyverns
  8 water elementals
  2 chaos spawn (Gauntlet)
  Grum (D:9)
  3 hogs (Spider:3)
  3 humans (D:13)
  39 yaks
  3 fire bats (Lair:3)
  A basilisk (shapeshifter) (D:13)
  A neqoxec (Gauntlet)
  5 vampire mosquitoes
  73 redbacks
  2 steam dragons
  3 basilisks
  A harpy simulacrum (IceCv)
  A death yak simulacrum (IceCv)
  2 small abominations (Abyss:2)
  3 wargs
  Edmund (D:4)
  2 acid dragons
  A hydra simulacrum (IceCv)
  18 water moccasins
  A sky beast (D:6)
  31 orc warriors
  2 ice beasts
  24 wolves
  8 ogres
  9 centaurs
  A kobold brigand (D:6)
  Blork the orc (D:6)
  18 bullfrogs
  2 gnoll sergeants (D:9)
  A scorpion (D:11)
  9 two-headed ogre simulacra (IceCv)
  3 cane toad simulacra
  4 wights (D:10)
  2 elephant simulacra (IceCv)
  34 killer bees
  3 howler monkeys
  5 electric eels
  A lava snake (Lair:3)
  7 hounds
  A quasit (Abyss:2)
  3 jellies (Lair:5)
  16 orc priests
  A gnoll bouda (D:7)
  A sleepcap (D:6)
  3 iguanas
  Natasha (thrice) (D:2)
  36 orc wizards
  3 polar bear simulacra (IceCv)
  7 troll simulacra (IceCv)
  A spriggan simulacrum (IceCv)
  3 wolf simulacra (IceCv)
  Robin (D:2)
  15 gnolls
  8 adders
  6 naga simulacra (IceCv)
  2 shadow imps
  8 white imps
  8 ufetubi (IceCv)
  A dart slug (D:1)
  120 orcs
  6 endoplasms
  5 giant cockroaches
  5 hobgoblins
  2 jackals (D:2)
  13 kobolds
  4 quokkas
  2 ball pythons
  5 bats
  6 frilled lizards
  12 goblins
  3 rats
  2 tentacles (Shoals:3)
1275 creatures vanquished.

Vanquished Creatures (collateral kills)
  Louise (Spider:2)
  A culicivora (Spider:4)
2 creatures vanquished.

Vanquished Creatures (others)
  A merfolk impaler (Shoals:4)
  A merfolk aquamancer (D:14)
  A sea snake (Shoals:4)
  A tarantella (Spider:3)
  A water elemental (D:15)
  A small abomination (Abyss:2)
  11 tentacles (Shoals:3)
17 creatures vanquished.

Grand Total: 1294 creatures vanquished

Notes
Turn   | Place    | Note
-------+----------+-------------------------------------------
     0 | D:1      | arthad the Minotaur Fighter began the quest for the Orb.
     0 | D:1      | Reached XP level 1. HP: 19/19 MP: 0/0
   146 | D:1      | Reached XP level 2. HP: 27/27 MP: 1/1
   386 | D:1      | Reached skill level 4 in Fighting
   713 | D:2      | Reached XP level 3. HP: 33/33 MP: 2/2
   897 | D:2      | Noticed Natasha
   906 | D:2      | Killed Natasha
   907 | D:2      | Reached skill level 1 in Dodging
  1053 | D:2      | Noticed Robin
  1068 | D:2      | Killed Robin
  1069 | D:2      | Reached XP level 4. HP: 24/40 MP: 3/3
  1320 | D:2      | Found a glowing silver altar of Zin.
  1321 | D:2      | Noticed Natasha
  1326 | D:2      | Killed Natasha
  1327 | D:2      | Reached skill level 1 in Stealth
  1524 | D:2      | Noticed Natasha
  1528 | D:2      | Killed Natasha
  1529 | D:2      | Reached XP level 5. HP: 41/47 MP: 4/4
  1876 | D:3      | Identified the +7 short sword of Fate {distort, Str+3}
  1959 | D:3      | Found a faded altar of an unknown god.
  2678 | D:4      | Noticed an ogre
  2685 | D:4      | Reached skill level 5 in Fighting
  2685 | D:4      | Reached XP level 6. HP: 56/56 MP: 5/5
  2931 | D:4      | Reached skill level 5 in Shields
  3088 | D:4      | Noticed Edmund
  3104 | D:4      | Killed Edmund
  3105 | D:4      | Reached skill level 1 in Throwing
  3283 | D:5      | Entered Level 5 of the Dungeon
  3283 | D:5      | Found an ancient bone altar of Kikubaaqudgha.
  3346 | D:4      | Reached XP level 7. HP: 61/61 MP: 6/6
  3449 | D:5      | Identified the +9 hand axe of Iwniagh {venom, rElec}
  3730 | D:5      | Reached skill level 5 in Axes
  3969 | D:6      | Reached skill level 5 in Armour
  4050 | D:6      | Found a sacrificial altar of Ru.
  4053 | D:6      | Reached skill level 6 in Fighting
  4122 | D:6      | Reached XP level 8. HP: 69/70 MP: 7/7
  4267 | D:6      | Noticed Blork the orc
  4276 | D:6      | Killed Blork the orc
  5081 | D:7      | Identified the +0 kite shield of Reason {rN+++ Dex+5
                  | Stlth+}
  5111 | D:7      | Reached skill level 7 in Fighting
  5225 | D:7      | Found a staircase to the Ecumenical Temple.
  5231 | Temple   | Entered the Ecumenical Temple
  5246 | Temple   | Became a worshipper of Makhleb the Destroyer
  5561 | D:7      | Reached XP level 9. HP: 79/79 MP: 8/8
  5659 | D:7      | Found Leubesiz's Magic Scroll Shoppe.
  5662 | D:7      | Bought a scroll of enchant weapon for 82 gold pieces
  5662 | D:7      | Bought a scroll of fear for 44 gold pieces
  5662 | D:7      | Bought a scroll of fog for 44 gold pieces
  5662 | D:7      | Bought a scroll of butterflies for 44 gold pieces
  5944 | D:8      | Reached skill level 1 in Invocations
  6337 | D:8      | Found Pophaf's Antique Armour Boutique.
  6346 | D:8      | Bought a pair of twisted gloves for 228 gold pieces
  6346 | D:8      | Identified the +0 pair of gloves of the Sailor {rF+} (You
                  | bought it in a shop on level 8 of the Dungeon)
  6456 | D:9      | Reached * piety under Makhleb
  6642 | D:9      | Found Xaemuhev's Assorted Antiques.
  6681 | D:9      | Bought a scroll labelled JIUKETE GAPSO for 25 gold pieces
  6702 | D:9      | Reached skill level 8 in Fighting
  6946 | D:9      | Reached XP level 10. HP: 70/90 MP: 11/11
  7206 | D:9      | Reached ** piety under Makhleb
  7234 | D:9      | Noticed Grum
  7250 | D:9      | Killed Grum
  7426 | D:10     | Entered Level 10 of the Dungeon
  7460 | D:10     | Reached skill level 5 in Dodging
  7560 | D:10     | Reached skill level 9 in Fighting
  7789 | D:10     | Noticed Nergalle
  7803 | D:10     | Killed Nergalle
  7851 | D:10     | Reached XP level 11. HP: 97/97 MP: 13/13
  8104 | D:10     | Identified the +0 plate armour "Nenebem" {rPois rC- Str+4
                  | Dex+2}
  8336 | D:10     | Found an iron altar of Okawaru.
  8360 | D:10     | Found a staircase to the Orcish Mines.
  8602 | D:11     | Noticed a brown ugly thing
  8610 | D:11     | Reached skill level 5 in Invocations
  8616 | D:11     | Killed a brown ugly thing
  8789 | D:11     | Found a staircase to the Lair.
  8800 | D:11     | Reached skill level 5 in Throwing
  8805 | D:11     | Reached *** piety under Makhleb
  8813 | D:11     | Reached skill level 10 in Fighting
  8813 | D:11     | Reached skill level 5 in Stealth
  8894 | D:11     | Reached skill level 10 in Shields
  8979 | D:11     | Noticed a two-headed ogre
  8992 | D:11     | Killed a two-headed ogre
  9701 | D:12     | Noticed a purple ugly thing
  9721 | D:12     | Killed a purple ugly thing
  9793 | D:12     | Noticed a centaur warrior
  9795 | D:12     | Noticed a skeletal warrior
  9795 | D:12     | Noticed a skeletal warrior
  9856 | D:12     | Noticed a boulder beetle
  9858 | D:12     | Noticed a brown ugly thing
  9863 | D:12     | Noticed a cyan ugly thing
  9873 | D:11     | Killed a boulder beetle
  9874 | D:11     | Reached skill level 10 in Axes
  9878 | D:11     | Killed a brown ugly thing
  9913 | D:11     | Killed a cyan ugly thing
  9959 | D:12     | Found a frozen archway.
 10043 | IceCv    | Entered an ice cave
 10144 | IceCv    | Reached XP level 12. HP: 108/108 MP: 15/15
 10260 | IceCv    | Reached **** piety under Makhleb
 10878 | IceCv    | Noticed a reaper
 10893 | IceCv    | Killed a reaper
 10894 | IceCv    | Reached skill level 11 in Fighting
 11069 | IceCv    | Identified the +5 hand axe of Plunder {flame, *Rage rElec
                  | rPois Int+4}
 11172 | D:12     | Noticed a two-headed ogre
 11184 | D:12     | Killed a two-headed ogre
 11193 | D:12     | Killed a centaur warrior
 11252 | D:12     | Reached skill level 1 in Shapeshifting
 11730 | D:12     | You fall into a shaft and drop 3 floors!
 11730 | D:15     | Entered Level 15 of the Dungeon
 11759 | D:15     | Noticed a centaur warrior
 11779 | D:15     | Killed a centaur warrior
 11825 | D:15     | Noticed a tengu warrior
 11841 | D:15     | Reached ***** piety under Makhleb
 11846 | D:15     | Killed a tengu warrior
 11867 | D:15     | Found Toluck Coko's Weapon Shoppe.
 11932 | D:15     | Found a gate leading to a gauntlet.
 11940 | Gauntlet | Entered a Gauntlet
 11940 | Gauntlet | Found a transporter.
 11947 | Gauntlet | Found a transporter.
 11949 | Gauntlet | Found a transporter.
 11960 | Gauntlet | Found a transporter.
 11963 | Gauntlet | Found a transporter.
 11965 | Gauntlet | Noticed a ghost crab
 11983 | Gauntlet | Found a transporter.
 11990 | Gauntlet | Found a transporter.
 12000 | Gauntlet | Found a runed translucent door.
 12002 | Gauntlet | Found a transporter.
 12004 | Gauntlet | Found a runed translucent door.
 12007 | Gauntlet | Found a transporter.
 12010 | Gauntlet | Found a transporter.
 12036 | Gauntlet | Found a transporter.
 12042 | Gauntlet | Found a transporter.
 12067 | Gauntlet | Found a transporter.
 12082 | Gauntlet | Found a transporter.
 12218 | Gauntlet | Killed a ghost crab
 12219 | Gauntlet | Reached XP level 13. HP: 100/117 MP: 17/17
 12222 | Gauntlet | Identified the +0 pair of gloves of Intercession {Harm
                  | rPois rC- Str-5}
 12269 | Gauntlet | Noticed a minotaur
 12279 | Gauntlet | Killed a minotaur
 12289 | Gauntlet | Identified the +3 whip of Dexionoj {freeze, Str+2 Int+3}
 12289 | Gauntlet | Identified the +0 scale mail of a wizard's laboratory
                  | {Drain rN+ Int+3 Stlth+}
 12289 | Gauntlet | Identified the +4 acid dragon scales of Serendipity {Regen+
                  | rCorr}
 12540 | D:14     | Found a shadowy altar of Dithmenos.
 12549 | D:14     | Reached skill level 12 in Fighting
 12967 | D:13     | Identified a scroll of acquirement
 12967 | D:13     | Acquired the +7 tower shield of a wizard's laboratory
                  | {Rampage Will- MP+9}
 14032 | D:13     | Found a gate to the Vaults.
 14629 | D:15     | Found a staircase to the Depths.
 14651 | D:15     | Reached XP level 14. HP: 64/127 MP: 19/19
 14831 | D:15     | Reached skill level 13 in Fighting
 14831 | D:15     | Reached skill level 10 in Armour
 15034 | D:15     | Reached ****** piety under Makhleb
 15468 | D:9      | Bought a twisted scale mail for 225 gold pieces
 15468 | D:9      | Identified the +0 scale mail of Lilacs {Regen+} (You bought
                  | it in a shop on level 9 of the Dungeon)
 15555 | Lair:1   | Entered Level 1 of the Lair of Beasts
 16426 | Lair:2   | Noticed Urug
 16445 | Lair:2   | Killed Urug
 16731 | Lair:2   | Found a staircase to the Shoals.
 17260 | Lair:3   | Reached skill level 5 in Shapeshifting
 17798 | Lair:3   | Found a hole to the Spider Nest.
 17988 | Lair:4   | Reached skill level 10 in Invocations
 17989 | Lair:4   | Reached XP level 15. HP: 137/137 MP: 21/21
 17992 | Lair:4   | Reached skill level 14 in Fighting
 18186 | Lair:4   | Reached skill level 1 in Evocations
 18523 | Lair:5   | Entered Level 5 of the Lair of Beasts
 18524 | Lair:5   | Found a viscous altar of Jiyva.
 18525 | Lair:5   | Found a staircase to the Slime Pits.
 18743 | Lair:5   | Found a transporter.
 18756 | Lair:5   | Found a transporter.
 18828 | Lair:5   | Noticed SirDiesAlot's ghost (journeyman OpFE)
 18948 | Lair:5   | Identified the +6 rapier of Putrescence {venom, Contam rC++
                  | Dex+7}
 19344 | Lair:5   | Killed SirDiesAlot's ghost
 19358 | Lair:5   | Identified the ring "Teaz" {Str+6 Dex+2}
 19359 | Lair:5   | Identified the ring "Tovavvom" {rF+ rC+ Str+2}
 19523 | Orc:1    | Entered Level 1 of the Orcish Mines
 19618 | Orc:1    | Found Yzip's CLEARANCE SALE!.
 19842 | Orc:2    | Entered Level 2 of the Orcish Mines
 19980 | Orc:2    | Found Olifuq's Antique Armour Emporium.
 19988 | Orc:2    | Bought a pair of embroidered boots for 217 gold pieces
 19988 | Orc:2    | Found a staircase to the Elven Halls.
 20268 | Orc:2    | Found Lushaf Ceid's Antique Weapon Emporium.
 20285 | Orc:2    | Found Gufefah's Antique Armour Shoppe.
 20300 | Orc:2    | Bought a pair of runed gloves for 285 gold pieces
 20300 | Orc:2    | Bought a transparent cloak for 361 gold pieces
 20300 | Orc:2    | Identified the +0 cloak "Igoputas" {rN++ Int-4} (You bought
                  | it in a shop on level 2 of the Orcish Mines)
 20400 | Orc:2    | Found Raezomox's Assorted Antiques.
 20408 | Orc:2    | Bought a thin silver amulet for 120 gold pieces
 20520 | Orc:2    | Found Hafigi's Armour Boutique.
 20573 | Orc:2    | Found Anlaimoe's Jewellery Emporium.
 20971 | Shoals:1 | Entered Level 1 of the Shoals
 21131 | Shoals:1 | Reached XP level 16. HP: 147/147 MP: 23/23
 21134 | Shoals:1 | Reached skill level 15 in Fighting
 21295 | Shoals:1 | Noticed Roxanne
 21342 | Shoals:1 | Killed Roxanne
 21718 | Shoals:2 | Reached skill level 15 in Shields
 21870 | Shoals:2 | Reached skill level 15 in Axes
 22667 | Shoals:3 | Found Neirumifut's Magic Scroll Shop.
 22671 | Shoals:3 | Noticed Bai Suzhen
 22691 | Shoals:3 | Reached skill level 10 in Dodging
 22705 | Shoals:3 | HP: 3/149 [Bai Suzhen/torrent of water (64)]
 22707 | Shoals:3 | Noticed Polyphemus
 22714 | Shoals:3 | Killed Bai Suzhen
 22824 | Shoals:3 | Found Qyhu's Assorted Antiques.
 22933 | Shoals:3 | Bought a scroll of blinking for 127 gold pieces
 23155 | Shoals:3 | Noticed a kraken
 23184 | Shoals:3 | Killed a kraken
 23239 | Shoals:3 | Killed Polyphemus
 23425 | Shoals:3 | Found Kaawkan's Jewellery Boutique.
 23618 | Shoals:3 | Reached XP level 17. HP: 158/158 MP: 25/25
 23648 | Shoals:4 | Entered Level 4 of the Shoals
 23683 | Shoals:4 | Reached skill level 16 in Fighting
 23689 | Shoals:4 | Identified the amulet of Linearity {Faith Str+5}
 23721 | Shoals:4 | Found Valuott's Weapon Shoppe.
 24605 | Shoals:4 | Identified the +4 war axe "Keuje" {antimagic, rPois rF-
                  | Dex+5}
 24710 | Shoals:4 | Found Qyfest's Antique Weapon Emporium.
 24721 | Shoals:4 | Identified the +5 leather armour of a Million Priests
                  | {Will+ Str+4}
 24771 | Shoals:4 | Found Doinius's Antique Armour Shop.
 24806 | Shoals:4 | Bought a pair of ancient gloves for 323 gold pieces
 24806 | Shoals:4 | Identified the +1 pair of gloves of the Thoughtful Youths
                  | {Contam rElec rC+ Dex+2} (You bought it in a shop on level
                  | 4 of the Shoals)
 24822 | Shoals:4 | Found Wuag's Antique Weapon Shoppe.
 25016 | Shoals:4 | Got a barnacled rune of Zot
 25257 | Shoals:3 | Noticed Ilsuiw
 25304 | Shoals:3 | Killed Ilsuiw
 25475 | Spider:1 | Entered Level 1 of the Spider Nest
 26388 | Spider:2 | Identified the +4 shortbow "Ultimatum" {elec, rCorr Int+6}
 26400 | Spider:2 | Reached skill level 5 in Evocations
 26432 | Spider:2 | Reached XP level 18. HP: 168/168 MP: 26/26
 26596 | Spider:2 | Noticed Louise
 26620 | Abyss:2  | Cast into level 2 of the Abyss (Louise)
 26717 | Abyss:2  | Noticed a tentacled monstrosity
 26861 | Abyss:2  | Noticed a bone dragon
 26901 | Abyss:2  | Killed a bone dragon
 26917 | Abyss:2  | Reached skill level 17 in Fighting
 27035 | Abyss:2  | Noticed a bone dragon
 27643 | Spider:2 | Escaped the Abyss
 27725 | Abyss:3  | Cast into level 3 of the Abyss (Louise)
 27734 | Abyss:3  | Noticed an ancient lich
 27757 | Abyss:3  | Killed an ancient lich
 27769 | Spider:2 | Escaped the Abyss
 27836 | Spider:2 | Killed Louise
 28724 | Spider:3 | Noticed Kirke
 28745 | Spider:3 | Killed Kirke
 28775 | Spider:3 | Gained mutation: You occasionally lose the ability to read
                  | scrolls when taking damage. [mutagenic glow]
 29445 | Spider:4 | Entered Level 4 of the Spider Nest
 30073 | Spider:3 | Reached XP level 19. HP: 78/179 MP: 28/28
 30335 | Spider:4 | Noticed Arachne
 30335 | Spider:4 | Noticed Mara
 30345 | Spider:4 | Reached skill level 18 in Fighting
 30345 | Spider:4 | Noticed arthad's illusion
 30391 | Spider:4 | Noticed arthad's illusion
 30396 | Spider:4 | Killed Mara
 30409 | Spider:4 | Mangled by Arachne

Illustrated notes

Levels and vault maps discovered:
D:1:      kennysheep_arrival_seaside, layout_rooms, corexii_leaking_fountain,
          nicolae_kite_square_tiling_tiny
D:2:      layout_basic, basic_altar, uniq_robin, uniq_natasha
D:3:      layout_basic, hellmonk_ecumenical_altar_leap_of_faith
D:4:      layout_cave_pods, uniq_edmund
D:5:      layout_gridville, mainiacjoe_overflow_tiny_flanked
D:6:      layout_cave_pods, nicolae_ru_awakened_eye, st_stairs_9,
          uniq_blork_the_orc
D:7:      layout_loops_corners, minmay_temple_entry_hall, serial_shops,
          nicolae_shop_rolled_up
D:8:      layout_basic, serial_shops, nicolae_shop_crystal,
          kennysheep_generic_room_7
D:9:      layout_roguey, serial_shops, nicolae_shop_tiny_glass, uniq_grum
D:10:     layout_loops_corners, mainiacjoe_overflow_chevrons, orc_0_dummy,
          dk_vineyard_2, uniq_nergalle
D:11:     layout_stronghold, minmay_lair_entry_grove
D:12:     layout_rooms, special_room [special_room_orc],
          portal_ice_cave_demonic_guard
D:13:     layout_irregular_city, hellmonk_vaults_keyhole, kennysheep_nub
D:14:     layout_loops_ring, nicolae_dithmenos_shadow_blocks, minivault_16,
          drop_trap, nicolae_splish_splash
D:15:     hellmonk_depths_entry_around_the_bend, layout_basic,
          minmay_misc_feat_rows, gauntlet_entry_generic, serial_shops,
          nicolae_shop_mannequins
Temple:   hellmonk_temple_of_storms
Lair:1:   layout_cave_pods, beast_lair_carwin_3
Lair:2:   layout_cave_pods, elwin_shoals_entry_rocks, uniq_urug
Lair:3:   layout_gridlike, spider_nest_entry_funnel_web
Lair:4:   layout_long_grid, serial_bayou_shore_a
Lair:5:   gammafunk_lair_ancient_temple, layout_small_grid, slime_entry_2,
          gammafunk_ghost_arena
Shoals:1: cheibrodos_shoals_epimethial_gifts, layout_shoals, uniq_roxanne
Shoals:2: layout_shoals
Shoals:3: layout_shoals, serial_shops, nicolae_square_shop,
          nicolae_shop_rolling_square, shop,
          nicolae_shoals_stone_sculpture_thing, uniq_ilsuiw, uniq_polyphemus,
          uniq_bai_suzhen
Shoals:4: shoals_end_grunt_ice, layout_shoals, shoals_ilsuiw_ice, serial_shops,
          nicolae_shop_tiny_waterfront, shop, shop,
          nicolae_shop_temple_entry_statues_fountains,
          nicolae_shoals_wave_tunnel
Spider:1: layout_spider_delve, nicolae_spider_rock_and_or_roll,
          hangedman_spider_tarantella_strand
Spider:2: layout_spider_delve, uniq_louise
Spider:3: layout_spider_delve, uniq_kirke
Spider:4: grunt_spider_rune_circles, nicolae_spider_jagged_tunnels,
          uniq_arachne, uniq_mara
Orc:1:    layout_diamond_mine, special_room [special_room_bee],
          nicolae_shop_clearance
Orc:2:    grunt_orc_community_town_hall, layout_caves,
          grunt_orc_community_big_house_1, grunt_orc_community_big_house_1,
          grunt_orc_community_house_1, grunt_orc_community_house_2,
          grunt_orc_community_house_1, grunt_orc_community_house_3,
          serial_shops, shop, shop

Skill      XL: |  1  2  3  4  5  6  7  8  9 10 11 12 13 14 15 16 17 18 19 |
---------------+----------------------------------------------------------+-----
Fighting       | 4 5 6 7 8 9 10 11 12 13 14 15 16 17 18 | 18.0
Shields        | 4 5 6 7 8 9 10 11 12 13 14 15 16 17 | 17.1
Axes           | 3 4 5 6 7 9 10 11 12 13 14 15 16 17 | 17.7
Armour         | 4 5 6 7 8 9 10 11 12 13 | 13.3
Dodging        | 1 2 3 4 5 6 7 8 9 10 11 | 11.6
Stealth        | 1 2 3 4 5 6 |  6.0
Throwing       | 1 2 3 4 5 6 |  6.0
Invocations    | 3 4 6 7 8 10 11 12 13 14 | 14.0
Shapeshifting  | 2 4 5 6 7 8 9 |  9.4
Evocations     | 2 3 5 |  5.0

Action                     |  1- 3 |  4- 6 |  7- 9 | 10-12 | 13-15 | 16-18 | 19-21 || total
---------------------------+-------+-------+-------+-------+-------+-------+-------++-------
  Melee: War axe           |    77 |   120 |     7 |       |   985 |  1756 |    98 ||  3043
         Headbutt          |     9 |    16 |    33 |   136 |   262 |   474 |    26 ||   956
         Hand axe          |       |       |   224 |   549 |   114 |       |       ||   887
  Throw: Dart              |       |    10 |     4 |    18 |       |   146 |     6 ||   184
         Boomerang         |       |       |       |   115 |    83 |       |       ||   198
         Javelin           |       |       |       |       |       |     6 |       ||     6
 Invoke: Major Destruction |       |       |       |     1 |       |       |       ||     1
  Evoke: Wand              |       |       |       |    11 |     4 |    11 |       ||    26
         Condenser vane    |       |       |       |       |       |     1 |     1 ||     2
         Phial of floods   |       |       |       |       |       |     1 |       ||     1
         Phantom mirror    |       |       |       |       |       |     1 |       ||     1
    Use: Scroll            |       |     2 |     6 |     6 |    15 |    16 |     3 ||    48
         Potion            |       |       |       |     3 |     3 |    10 |     4 ||    20
   Stab: Sleeping          |       |       |     2 |       |    37 |    18 |     1 ||    58
         Distracted        |       |       |       |       |     2 |     7 |       ||     9
         Invisible         |       |       |       |       |       |    13 |       ||    13
         Held in net/web   |       |       |       |       |       |     3 |       ||     3
 Armour: Scale mail        |    57 |    74 |    69 |       |       |       |       ||   200
         Chain mail        |       |       |    62 |   302 |     2 |       |       ||   366
         Acid dragon scale |       |       |       |       |   463 |   958 |    46 ||  1467
  Dodge: Dodged            |    38 |    63 |    71 |   281 |   888 |  1612 |    64 ||  3017
  Block: Buckler           |    21 |    35 |    17 |       |       |       |       ||    73
         Kite shield       |       |       |    68 |   279 |   731 |  1422 |    61 ||  2561

Table legend: (Time is in decaauts)
 A = Elapsed time spent in this place.
 B = Non-inter-level travel time spent in this place.
 C = Inter-level travel time spent in this place.
 D = Time resting spent in this place.
 E = Time spent auto-exploring this place.
 F = Levels seen in this place.
 G = Mean time per level.
                   A        B        C        D        E       F      G
               +--------+--------+--------+--------+--------+-----+--------+
         Total |  30263 |  28472 |   1791 |   1953 |  19036 |  35 |  864.7 |
       Dungeon |  14209 |  13155 |   1054 |    634 |   9880 |  15 |  947.3 |
        Temple |     30 |      2 |     28 |      0 |      0 |   1 |   30.0 |
          Lair |   3965 |   3658 |    307 |    100 |   2762 |   5 |  793.0 |
        Shoals |   4576 |   4374 |    202 |    247 |   2614 |   4 | 1144.0 |
   Spider Nest |   3639 |   3504 |    135 |    140 |   2112 |   4 |  909.8 |
  Orcish Mines |   1278 |   1214 |     64 |      0 |    832 |   2 |  639.0 |
         Abyss |   1035 |   1035 |      0 |    613 |    181 |   2 |  517.5 |
      Ice Cave |   1125 |   1125 |      0 |    187 |    560 |   1 | 1125.0 |
      Gauntlet |    402 |    402 |      0 |     32 |     94 |   1 |  402.0 |
               +--------+--------+--------+--------+--------+-----+--------+

Top non-repeatable levels by time:
    D:11: 1533 daAuts
    D:10: 1442 daAuts
Shoals:3: 1373 daAuts
Shoals:4: 1343 daAuts
     D:2: 1250 daAuts
   IceCv: 1125 daAuts
Spider:3: 1113 daAuts
    D:15: 1084 daAuts
     D:9: 1059 daAuts
Shoals:2: 1049 daAuts
 Abyss:2: 998 daAuts
  Lair:2: 968 daAuts
Spider:1: 942 daAuts
    D:13: 925 daAuts
     D:7: 921 daAuts
